AoeStats
← 42afurnace

Nomad

509049303Analyzed
2v2 RM · 8d ago on Sep 25, 2026· 46m 27s· 4 players
Game mode
Random Map
Map size
176×176
Population
200
Speed
Normal
Resources
Standard
Victory
Conquest
Starting age
Dark Age
Ending age
Imperial Age
RankedLock teamsTeams togetherTeam positionsShared explorationLock speedFull tech treeHidden civsTurbo modeCheats
Victory
Defeat
🇬🇧 Lithuanians · United Kingdom
1420
+5
🇦🇷 Dravidians · Argentina
1350
+7
🇨🇦 Saxons · Canada
1138
-6
🇨🇦 Danes · Canada
1138
-6
Piojoso87
4:47 Loom
13:07 Feudal Age
14:01 Double-Bit Axe
14:17 Gold Mining
14:47 Fletching
18:54 Wheelbarrow
20:14 Fishing Lines
23:35 Castle Age
24:31 Medium Warships
24:18 Bodkin Arrow
24:40 Hand Cart
24:40 Bow Saw
27:29 Gillnets
28:03 Padded Archer Armor
28:45 Ballistics
28:26 Pikeman
30:47 Stone Mining
33:41 Horse Collar
34:59 Leather Archer Armor
37:28 Imperial Age
36:42 Thumb Ring
38:28 Bracer
38:36 Husbandry
38:36 Elite Elephant Archer
42:41 Ring Archer Armor
44:12 Chemistry
43:49 Medical Corps
44:05 Conscription
46:25 Heavy Plow
keensy
3:43 Loom
4:08 Loom
12:17 Feudal Age
17:30 Castle Age
18:23 Double-Bit Axe
18:23 Horse Collar
19:40 Heavy Plow
19:52 Bow Saw
22:38 Town Watch
23:35 Wheelbarrow
23:16 Fervor
26:35 Fletching
32:39 Imperial Age
30:36 Scale Barding Armor
30:50 Forging
31:37 Chain Barding Armor
31:52 Hand Cart
31:47 Bodkin Arrow
34:04 Plate Barding Armor
35:29 Stone Mining
37:13 Husbandry
37:24 Bloodlines
37:53 Iron Casting
37:44 Elite Leitis
41:16 Conscription
BigDog 420 Xo
8:35 Loom
19:12 Feudal Age
20:30 Gold Mining
20:35 Double-Bit Axe
20:57 Horse Collar
24:12 Castle Age
25:41 Stone Mining
31:10 Scale Mail Armor
32:38 Heavy Plow
33:20 Bow Saw
33:46 Clerical Recruitment
35:43 Chain Mail Armor
36:30 Squires
37:33 Gold Shaft Mining
38:31 Forging
38:11 Arson
38:17 Gambesons
39:52 Iron Casting
40:19 Pikeman
45:10 Crossbowman
42afurnace
4:59 Loom
12:55 Feudal Age
20:26 Castle Age
23:38 Wheelbarrow
32:43 Squires
32:29 Arson
37:35 Scale Mail Armor
45:29 Imperial Age
Connection lost

Rejoining the realm…

Still unreachable

The connection could not be restored.

Session expired

The server has moved on; the page needs a fresh start.